[ AOE2 MATCH · #474430966 ]
Team RMTeutons vs Vietnamese
[ REPLAY ANALYSIS · EXTRACTED FROM THE RECORDED GAME ]
Feudal
11:53
Castle
16:17
Imperial
29:10
| APM avg | 26.6 |
| APM peak | 81 |
| eAPM avg | 20.1 |
| Villagers / military | 138 / 519 |
Focus
⚔️ 58.7% · 🌾 41.3%
Spearman ×264 · Teutonic Knight ×120 · Militia ×74 · Scorpion ×24 · Knight ×23 · Trebuchet (Packed) ×9
Feudal
11:24
Castle
16:41
Imperial
32:21
| APM avg | 24.8 |
| APM peak | 77 |
| eAPM avg | 13.5 |
| Villagers / military | 185 / 356 |
Focus
⚔️ 38.1% · 🌾 61.9%
Spearman ×146 · Archer ×56 · Scout Cavalry ×50 · Militia ×50 · Trebuchet (Packed) ×17 · Skirmisher ×15
Feudal
11:13
Castle
17:24
Imperial
33:31
| APM avg | 44.3 |
| APM peak | 107 |
| eAPM avg | 27.3 |
| Villagers / military | 259 / 794 |
Focus
⚔️ 31.5% · 🌾 68.5%
Skirmisher ×276 · Spearman ×267 · Militia ×153 · Cavalry Archer ×85 · Bombard Cannon ×13
Feudal
11:09
Castle
17:10
Imperial
40:41
| APM avg | 42.6 |
| APM peak | 80 |
| eAPM avg | 29.7 |
| Villagers / military | 228 / 268 |
Focus
⚔️ 32.7% · 🌾 67.3%
Fire Lancer ×85 · Camel Scout ×59 · Unknown (1920) ×51 · Scout Cavalry ×45 · Trade Cart ×19 · Skirmisher ×19
Match map
Resources at game start + every placement click. Thick line = wall · dashed box = detected house wall. 🟡 gold · ⚪ stone · 🟢 berries · 🔶 boar · ⭕ relic
Inputs per minute
— Tsla - - Erina
Build order — Tsla
First 150 of 857 actions detected
| 0:02 | Create | Villager (Male) |
| 0:02 | Create | Villager (Male) |
| 0:02 | Create | Villager (Male) |
| 0:04 | Build | House |
| 0:05 | Build | House |
| 0:29 | Create | Villager (Male) |
| 0:29 | Create | Villager (Male) |
| 1:32 | Create | Villager (Male) |
| 1:32 | Create | Villager (Male) |
| 2:12 | Create | Villager (Male) |
| 2:26 | Create | Villager (Male) |
| 2:26 | Create | Villager (Male) |
| 3:17 | Create | Villager (Male) |
| 3:17 | Create | Villager (Male) |
| 3:18 | Create | Villager (Male) |
| 3:46 | Create | Villager (Male) |
| 3:47 | Create | Villager (Male) |
| 4:15 | Build | Lumber Camp |
| 4:35 | Create | Villager (Male) |
| 4:35 | Create | Villager (Male) |
| 4:35 | Create | Villager (Male) |
| 4:36 | Create | Villager (Male) |
| 5:18 | Research | Loom |
| 5:20 | Create | Villager (Male) |
| 5:20 | Create | Villager (Male) |
| 5:28 | Build | House |
| 6:27 | Create | Villager (Male) |
| 6:27 | Create | Villager (Male) |
| 6:28 | Create | Villager (Male) |
| 6:28 | Create | Villager (Male) |
| 6:28 | Create | Villager (Male) |
| 7:22 | Build | Mill |
| 7:46 | Build | House |
| 7:49 | Build | House |
| 8:09 | Build | Farm |
| 8:16 | Create | Villager (Male) |
| 8:53 | Create | Villager (Male) |
| 8:53 | Create | Villager (Male) |
| 9:09 | Build | Farm |
| 9:19 | Research | Feudal Age |
| 9:37 | Build | Mining Camp |
| 10:20 | Build | Farm |
| 10:22 | Build | Farm |
| 11:14 | Build | Farm |
| 11:28 | Create | Villager (Male) |
| 11:29 | Create | Villager (Male) |
| 11:53 | Age | Feudal Age |
| 11:55 | Build | Market |
| 12:06 | Build | Blacksmith |
| 12:22 | Build | Farm |
| 12:36 | Create | Villager (Male) |
| 13:12 | Create | Villager (Male) |
| 13:37 | Research | Castle Age |
| 13:59 | Research | Double-Bit Axe |
| 14:02 | Research | Horse Collar |
| 14:11 | Build | Farm |
| 14:24 | Build | House |
| 14:28 | Build | House |
| 14:30 | Build | House |
| 14:38 | Create | Villager (Male) |
| 14:38 | Create | Villager (Male) |
| 15:42 | Build | Farm |
| 15:54 | Build | Farm |
| 16:17 | Age | Castle Age |
| 16:26 | Build | Town Center |
| 17:17 | Build | Town Center |
| 17:23 | Create | Villager (Male) |
| 17:23 | Create | Villager (Male) |
| 17:40 | Research | Wheelbarrow |
| 17:48 | Create | Villager (Male) |
| 17:54 | Create | Villager (Male) |
| 17:54 | Create | Villager (Male) |
| 18:17 | Research | Heavy Plow |
| 18:28 | Build | Farm |
| 18:33 | Build | Farm |
| 18:37 | Build | Farm |
| 18:43 | Build | Farm |
| 18:55 | Create | Trade Cart |
| 19:05 | Create | Villager (Male) |
| 19:06 | Create | Villager (Male) |
| 19:06 | Create | Villager (Male) |
| 19:06 | Create | Villager (Male) |
| 19:07 | Create | Villager (Male) |
| 19:07 | Create | Villager (Male) |
| 19:07 | Create | Villager (Male) |
| 19:08 | Create | Villager (Male) |
| 19:18 | Build | Farm |
| 19:20 | Build | Farm |
| 19:23 | Build | Farm |
| 19:26 | Build | Farm |
| 19:36 | Build | Farm |
| 19:44 | Build | Farm |
| 19:46 | Build | Farm |
| 19:49 | Build | Farm |
| 19:56 | Create | Villager (Male) |
| 19:56 | Create | Villager (Male) |
| 19:56 | Create | Villager (Male) |
| 19:57 | Create | Villager (Male) |
| 19:57 | Create | Villager (Male) |
| 19:57 | Create | Villager (Male) |
| 20:15 | Create | Trade Cart |
| 20:33 | Create | Villager (Male) |
| 20:34 | Create | Villager (Male) |
| 20:34 | Create | Villager (Male) |
| 20:34 | Create | Villager (Male) |
| 20:34 | Create | Villager (Male) |
| 20:47 | Build | Farm |
| 20:49 | Build | Farm |
| 20:51 | Build | Farm |
| 20:53 | Build | Farm |
| 20:54 | Build | Farm |
| 21:11 | Build | Mill |
| 21:14 | Build | Farm |
| 21:20 | Create | Villager (Male) |
| 21:20 | Create | Villager (Male) |
| 21:20 | Create | Villager (Male) |
| 21:20 | Create | Villager (Male) |
| 21:20 | Create | Villager (Male) |
| 21:21 | Create | Villager (Male) |
| 21:21 | Create | Villager (Male) |
| 21:21 | Create | Villager (Male) |
| 21:22 | Create | Villager (Male) |
| 21:31 | Build | Farm |
| 21:33 | Build | Farm |
| 21:35 | Build | Farm |
| 21:42 | Build | Farm |
| 21:49 | Build | Farm |
| 21:54 | Build | House |
| 21:57 | Build | House |
| 22:29 | Research | Hand Cart |
| 22:31 | Create | Villager (Male) |
| 22:32 | Create | Villager (Male) |
| 22:32 | Create | Villager (Male) |
| 22:32 | Create | Villager (Male) |
| 22:32 | Create | Villager (Male) |
| 22:33 | Create | Villager (Male) |
| 22:33 | Create | Villager (Male) |
| 22:33 | Create | Villager (Male) |
| 22:34 | Create | Villager (Male) |
| 22:34 | Create | Villager (Male) |
| 23:05 | Build | Farm |
| 23:07 | Build | Farm |
| 23:09 | Build | Farm |
| 23:11 | Build | Farm |
| 23:14 | Build | Farm |
| 23:15 | Build | Farm |
| 23:17 | Build | Farm |
| 23:18 | Build | Farm |
| 23:23 | Build | Mill |
| 23:52 | Build | House |
Build order — Erina
First 150 of 400 actions detected
| 0:02 | Create | Villager (Male) |
| 0:02 | Create | Villager (Male) |
| 0:03 | Create | Villager (Male) |
| 0:03 | Create | Villager (Male) |
| 0:06 | Build | House |
| 0:10 | Build | House |
| 1:28 | Create | Villager (Male) |
| 1:28 | Create | Villager (Male) |
| 2:02 | Create | Villager (Male) |
| 2:12 | Build | Lumber Camp |
| 2:14 | Create | Villager (Male) |
| 2:47 | Create | Villager (Male) |
| 2:48 | Create | Villager (Male) |
| 2:59 | Create | Villager (Male) |
| 3:33 | Create | Villager (Male) |
| 3:34 | Create | Villager (Male) |
| 3:58 | Create | Villager (Male) |
| 4:07 | Build | House |
| 4:16 | Build | Mill |
| 4:36 | Create | Villager (Male) |
| 4:36 | Create | Villager (Male) |
| 5:11 | Build | House |
| 5:14 | Create | Villager (Male) |
| 5:14 | Create | Villager (Male) |
| 5:15 | Create | Villager (Male) |
| 5:51 | Create | Villager (Male) |
| 6:38 | Create | Villager (Male) |
| 6:49 | Create | Villager (Male) |
| 7:25 | Create | Villager (Male) |
| 7:35 | Build | Mining Camp |
| 7:54 | Create | Villager (Male) |
| 8:24 | Create | Villager (Male) |
| 8:38 | Research | Loom |
| 9:09 | Research | Feudal Age |
| 11:24 | Age | Feudal Age |
| 11:27 | Create | Villager (Male) |
| 11:27 | Create | Villager (Male) |
| 11:31 | Research | Wheelbarrow |
| 11:34 | Create | Villager (Male) |
| 11:38 | Build | House |
| 11:39 | Build | House |
| 11:41 | Build | Market |
| 11:43 | Build | Blacksmith |
| 12:21 | Create | Villager (Male) |
| 12:23 | Create | Villager (Male) |
| 12:30 | Build | Farm |
| 12:32 | Build | Farm |
| 12:34 | Build | Farm |
| 12:35 | Build | Farm |
| 12:38 | Build | Farm |
| 12:57 | Build | Farm |
| 12:59 | Build | Farm |
| 13:02 | Build | Farm |
| 13:17 | Build | Farm |
| 13:40 | Build | Farm |
| 13:54 | Research | Castle Age |
| 14:05 | Build | Mining Camp |
| 14:16 | Build | House |
| 14:17 | Build | House |
| 14:18 | Build | House |
| 14:19 | Build | House |
| 14:20 | Build | House |
| 14:21 | Build | House |
| 14:23 | Build | House |
| 14:24 | Build | House |
| 14:25 | Build | House |
| 14:30 | Create | Villager (Male) |
| 14:38 | Research | Horse Collar |
| 14:38 | Research | Double-Bit Axe |
| 16:41 | Age | Castle Age |
| 16:43 | Build | Town Center |
| 16:44 | Create | Villager (Male) |
| 16:45 | Create | Villager (Male) |
| 17:36 | Create | Villager (Male) |
| 18:22 | Build | Barracks |
| 18:26 | Research | Hand Cart |
| 18:28 | Create | Villager (Male) |
| 18:28 | Create | Villager (Male) |
| 18:28 | Create | Villager (Male) |
| 19:15 | Create | Spearman |
| 19:27 | Create | Villager (Male) ×5 |
| 19:28 | Create | Villager (Male) ×5 |
| 19:30 | Create | Spearman |
| 19:44 | Create | Villager (Male) |
| 19:50 | Build | Town Center |
| 19:54 | Create | Villager (Male) |
| 20:27 | Create | Villager (Male) ×2 |
| 20:32 | Build | Monastery |
| 20:53 | Research | Pikeman (upgrade) |
| 21:07 | Create | Monk |
| 21:38 | Create | Villager (Male) ×3 |
| 21:49 | Create | Spearman |
| 21:49 | Create | Spearman |
| 22:35 | Create | Villager (Male) ×2 |
| 22:42 | Build | Farm |
| 22:42 | Build | Farm |
| 22:42 | Build | Farm |
| 22:43 | Build | Farm |
| 22:43 | Build | Farm |
| 22:43 | Build | Farm |
| 22:43 | Build | Farm |
| 22:43 | Build | Farm |
| 22:44 | Build | Farm |
| 22:44 | Build | Farm |
| 22:44 | Build | Farm |
| 22:44 | Build | Farm |
| 22:46 | Create | Villager (Male) |
| 22:50 | Build | Farm |
| 22:52 | Build | Farm |
| 22:54 | Build | Farm |
| 22:56 | Build | Farm |
| 23:10 | Create | Villager (Male) ×2 |
| 23:29 | Build | Castle |
| 23:45 | Create | Villager (Male) ×2 |
| 23:46 | Create | Villager (Male) |
| 23:49 | Build | Farm |
| 23:51 | Build | Farm |
| 23:53 | Build | Farm |
| 23:56 | Create | Villager (Male) |
| 24:07 | Build | Mill |
| 24:11 | Create | Villager (Male) ×4 |
| 24:11 | Create | Villager (Male) ×5 |
| 24:22 | Create | Villager (Male) ×2 |
| 24:22 | Create | Villager (Male) ×2 |
| 24:43 | Create | Samurai ×3 |
| 24:50 | Create | Villager (Male) |
| 24:50 | Create | Villager (Male) |
| 24:54 | Build | Farm |
| 24:56 | Build | Farm |
| 24:59 | Create | Villager (Male) ×3 |
| 25:38 | Create | Villager (Male) ×5 |
| 25:38 | Create | Villager (Male) ×2 |
| 25:59 | Create | Villager (Male) ×5 |
| 25:59 | Create | Villager (Male) ×5 |
| 26:05 | Create | Monk |
| 26:11 | Create | Samurai |
| 26:19 | Create | Villager (Male) ×5 |
| 26:31 | Build | Stable |
| 26:40 | Build | University |
| 26:42 | Build | House |
| 26:43 | Build | House |
| 26:44 | Build | House |
| 26:45 | Build | House |
| 26:46 | Build | House |
| 26:53 | Create | Villager (Male) ×5 |
| 26:55 | Create | Villager (Male) ×2 |
| 27:03 | Build | Mill |
| 27:05 | Build | Farm |
| 27:05 | Build | Farm |
| 27:05 | Build | Farm |
Build order — Yuhuyo
First 150 of 763 actions detected
| 0:01 | Create | Villager (Male) |
| 0:01 | Create | Villager (Male) |
| 0:03 | Build | House |
| 0:04 | Build | House |
| 0:47 | Create | Villager (Male) |
| 0:47 | Create | Villager (Male) |
| 0:47 | Create | Villager (Male) |
| 1:30 | Create | Villager (Male) |
| 1:54 | Build | Lumber Camp |
| 2:05 | Create | Villager (Male) |
| 2:05 | Create | Villager (Male) |
| 2:31 | Create | Villager (Male) |
| 2:31 | Create | Villager (Male) |
| 2:57 | Create | Villager (Male) |
| 2:57 | Create | Villager (Male) |
| 3:12 | Create | Villager (Male) |
| 3:25 | Build | House |
| 3:47 | Create | Villager (Male) |
| 3:47 | Create | Villager (Male) |
| 4:05 | Build | Mill |
| 4:15 | Create | Villager (Male) |
| 4:15 | Create | Villager (Male) |
| 4:39 | Create | Villager (Male) |
| 5:04 | Create | Villager (Male) |
| 5:29 | Build | House |
| 5:32 | Create | Villager (Male) |
| 5:33 | Create | Villager (Male) |
| 6:08 | Create | Villager (Male) |
| 6:08 | Create | Villager (Male) |
| 6:08 | Create | Villager (Male) |
| 6:08 | Create | Villager (Male) |
| 7:16 | Create | Villager (Male) |
| 7:17 | Create | Villager (Male) |
| 7:32 | Build | Mining Camp |
| 8:05 | Research | Loom |
| 8:08 | Create | Villager (Male) |
| 9:01 | Research | Feudal Age |
| 9:02 | Create | Villager (Male) |
| 9:19 | Build | House |
| 9:45 | Build | Mining Camp |
| 10:12 | Create | Villager (Male) |
| 10:36 | Build | Farm |
| 10:57 | Build | Farm |
| 11:03 | Build | Farm |
| 11:08 | Build | Farm |
| 11:13 | Age | Feudal Age |
| 11:38 | Build | Market |
| 12:11 | Create | Villager (Male) |
| 12:30 | Research | Double-Bit Axe |
| 12:33 | Create | Villager (Male) |
| 12:58 | Create | Villager (Male) |
| 13:05 | Build | Farm |
| 13:16 | Build | Blacksmith |
| 13:26 | Create | Villager (Male) |
| 13:48 | Build | House |
| 13:54 | Build | Farm |
| 14:01 | Create | Villager (Male) |
| 14:44 | Research | Castle Age |
| 14:47 | Build | Farm |
| 14:54 | Create | Villager (Male) |
| 14:54 | Create | Villager (Male) |
| 15:50 | Create | Villager (Male) |
| 16:51 | Build | Stone Wall |
| 17:17 | Research | Gold Mining |
| 17:22 | Research | Horse Collar |
| 17:24 | Age | Castle Age |
| 17:32 | Build | Town Center |
| 18:01 | Build | Town Center |
| 18:12 | Create | Villager (Male) |
| 18:12 | Create | Villager (Male) |
| 18:44 | Build | Lumber Camp |
| 19:02 | Create | Villager (Male) |
| 19:03 | Create | Villager (Male) |
| 19:08 | Research | Bow Saw |
| 19:16 | Build | House |
| 19:18 | Build | House |
| 19:18 | Build | House |
| 19:19 | Build | House |
| 19:23 | Build | House |
| 19:23 | Build | House |
| 19:25 | Create | Villager (Male) |
| 19:25 | Create | Villager (Male) |
| 19:26 | Create | Villager (Male) |
| 19:57 | Create | Villager (Male) |
| 20:02 | Build | Farm |
| 20:05 | Build | Farm |
| 20:05 | Build | Farm |
| 20:05 | Build | Farm |
| 20:10 | Build | Farm |
| 20:12 | Build | Farm |
| 20:16 | Create | Villager (Male) |
| 20:23 | Build | Farm |
| 20:28 | Build | Farm |
| 20:33 | Create | Villager (Male) |
| 20:34 | Create | Villager (Male) |
| 20:46 | Create | Villager (Male) |
| 20:50 | Build | Farm |
| 20:55 | Build | Mill |
| 21:10 | Build | House |
| 21:15 | Build | Farm |
| 21:24 | Create | Villager (Male) |
| 21:25 | Create | Villager (Male) |
| 21:26 | Create | Villager (Male) |
| 21:28 | Create | Villager (Male) |
| 21:44 | Research | Stone Mining |
| 21:49 | Create | Villager (Male) |
| 21:56 | Build | Farm |
| 21:59 | Build | Farm |
| 22:02 | Build | House |
| 22:03 | Build | House |
| 22:04 | Build | House |
| 22:05 | Build | House |
| 22:07 | Create | Villager (Male) |
| 22:12 | Build | Farm |
| 22:12 | Build | Farm |
| 22:13 | Build | Farm |
| 22:13 | Build | Farm |
| 22:14 | Build | Farm |
| 22:14 | Build | Farm |
| 22:14 | Build | Farm |
| 22:14 | Build | Farm |
| 22:14 | Build | Farm |
| 22:15 | Build | Farm |
| 22:21 | Build | Farm |
| 22:22 | Build | Farm |
| 22:22 | Build | Farm |
| 22:22 | Build | Farm |
| 22:22 | Build | Farm |
| 22:23 | Build | Farm |
| 22:23 | Build | Farm |
| 22:23 | Build | Farm |
| 22:25 | Create | Villager (Male) |
| 22:26 | Create | Villager (Male) |
| 22:26 | Create | Villager (Male) |
| 22:31 | Create | Villager (Male) |
| 22:36 | Create | Villager (Male) |
| 22:39 | Create | Villager (Male) |
| 22:45 | Build | Farm |
| 22:45 | Build | Farm |
| 22:45 | Build | Farm |
| 22:46 | Build | Farm |
| 22:55 | Create | Villager (Male) |
| 22:56 | Create | Villager (Male) |
| 22:58 | Create | Villager (Male) |
| 23:10 | Create | Villager (Male) |
| 23:17 | Build | Farm |
| 23:21 | Build | Mill |
| 23:23 | Build | Farm |
| 23:26 | Create | Villager (Male) |
| 23:28 | Create | Villager (Male) |
Build order — goodboyboy10
First 150 of 799 actions detected
| 0:01 | Create | Villager (Male) |
| 0:02 | Create | Villager (Male) |
| 0:02 | Create | Villager (Male) |
| 0:03 | Build | House |
| 0:05 | Build | House |
| 0:32 | Create | Villager (Male) |
| 0:32 | Create | Villager (Male) |
| 0:34 | Build | House |
| 0:35 | Build | House |
| 1:33 | Create | Villager (Male) |
| 1:33 | Create | Villager (Male) |
| 1:39 | Build | Lumber Camp |
| 2:10 | Create | Villager (Male) |
| 2:10 | Create | Villager (Male) |
| 2:20 | Create | Villager (Male) |
| 2:20 | Create | Villager (Male) |
| 3:04 | Create | Villager (Male) |
| 3:04 | Create | Villager (Male) |
| 3:34 | Research | Loom |
| 3:43 | Create | Villager (Male) |
| 3:43 | Create | Villager (Male) |
| 3:43 | Create | Villager (Male) |
| 4:11 | Create | Villager (Male) |
| 4:11 | Create | Villager (Male) |
| 4:42 | Create | Villager (Male) |
| 4:43 | Create | Villager (Male) |
| 5:11 | Create | Villager (Male) |
| 5:12 | Create | Villager (Male) |
| 5:12 | Create | Villager (Male) |
| 5:48 | Create | Villager (Male) |
| 5:48 | Create | Villager (Male) |
| 6:09 | Build | Mill |
| 6:19 | Create | Villager (Male) |
| 6:19 | Create | Villager (Male) |
| 6:38 | Create | Villager (Male) |
| 7:00 | Create | Villager (Male) |
| 7:00 | Create | Villager (Male) |
| 7:39 | Create | Villager (Male) |
| 7:53 | Build | Mining Camp |
| 7:57 | Create | Villager (Male) |
| 8:29 | Create | Villager (Male) |
| 8:51 | Research | Feudal Age |
| 9:33 | Create | Villager (Male) |
| 10:10 | Build | Mill |
| 10:38 | Build | Barracks |
| 10:41 | Create | Villager (Male) |
| 11:02 | Build | Pasture |
| 11:07 | Build | Pasture |
| 11:09 | Age | Feudal Age |
| 11:15 | Create | Villager (Male) |
| 11:26 | Create | Villager (Male) |
| 11:29 | Research | Double-Bit Axe |
| 11:38 | Build | House |
| 11:39 | Build | House |
| 12:15 | Create | Villager (Male) |
| 12:20 | Create | Villager (Male) |
| 12:27 | Build | Blacksmith |
| 13:00 | Create | Villager (Male) |
| 13:22 | Build | Stable |
| 13:43 | Build | Pasture |
| 13:45 | Create | Villager (Male) |
| 13:59 | Research | Tech 1014 |
| 14:01 | Create | Villager (Male) |
| 14:16 | Build | House |
| 14:17 | Build | House |
| 14:30 | Research | Castle Age |
| 14:36 | Create | Spearman |
| 15:05 | Build | Market |
| 15:19 | Create | Villager (Male) |
| 15:30 | Create | Scout Cavalry |
| 15:32 | Create | Scout Cavalry |
| 16:02 | Build | Pasture |
| 16:08 | Build | Pasture |
| 16:10 | Create | Villager (Male) |
| 16:16 | Create | Trade Cart |
| 16:16 | Create | Trade Cart |
| 16:20 | Create | Trade Cart |
| 16:20 | Create | Trade Cart |
| 16:38 | Create | Spearman |
| 16:40 | Create | Spearman |
| 16:40 | Create | Spearman |
| 16:42 | Research | Arson |
| 16:47 | Create | Villager (Male) |
| 17:10 | Age | Castle Age |
| 17:13 | Create | Villager (Male) |
| 17:14 | Create | Villager (Male) |
| 17:25 | Build | Monastery |
| 17:55 | Create | Villager (Male) |
| 17:58 | Create | Villager (Male) |
| 17:58 | Create | Villager (Male) |
| 18:02 | Build | House |
| 18:03 | Build | House |
| 18:05 | Build | House |
| 18:11 | Create | Villager (Male) |
| 18:24 | Build | Town Center |
| 18:31 | Research | Wheelbarrow |
| 18:31 | Create | Villager (Male) |
| 18:32 | Create | Villager (Male) |
| 18:32 | Create | Villager (Male) |
| 19:07 | Create | Villager (Male) |
| 19:07 | Create | Villager (Male) |
| 19:11 | Create | Militia |
| 19:19 | Create | Fire Lancer |
| 19:19 | Create | Fire Lancer |
| 19:20 | Create | Fire Lancer |
| 19:26 | Create | Villager (Male) |
| 19:27 | Create | Villager (Male) |
| 19:28 | Create | Villager (Male) |
| 19:28 | Create | Villager (Male) |
| 20:02 | Create | Villager (Male) |
| 20:02 | Create | Villager (Male) |
| 20:03 | Create | Villager (Male) |
| 20:06 | Create | Monk |
| 20:10 | Create | Spearman |
| 20:10 | Create | Spearman |
| 20:12 | Create | Spearman |
| 20:17 | Create | Villager (Male) |
| 20:31 | Build | Pasture |
| 20:34 | Build | Pasture |
| 20:40 | Build | Pasture |
| 20:41 | Create | Villager (Male) |
| 20:41 | Create | Villager (Male) |
| 20:54 | Create | Monk |
| 20:56 | Create | Fire Lancer |
| 20:56 | Create | Fire Lancer |
| 21:11 | Create | Villager (Male) |
| 21:40 | Create | Fire Lancer |
| 21:40 | Create | Fire Lancer |
| 21:41 | Create | Fire Lancer |
| 21:48 | Research | Forging |
| 21:49 | Create | Monk |
| 21:56 | Create | Villager (Male) |
| 21:56 | Create | Villager (Male) |
| 21:56 | Create | Villager (Male) |
| 22:01 | Build | House |
| 22:02 | Build | House |
| 22:03 | Build | House |
| 22:05 | Build | House |
| 22:06 | Build | House |
| 22:06 | Build | House |
| 22:12 | Build | House |
| 22:38 | Create | Villager (Male) |
| 22:38 | Create | Villager (Male) |
| 22:39 | Create | Villager (Male) |
| 22:40 | Create | Villager (Male) |
| 23:00 | Create | Fire Lancer |
| 23:00 | Create | Fire Lancer |
| 23:01 | Research | Squires |
| 23:03 | Create | Monk |
| 23:06 | Create | Villager (Male) |
Match timeline
| 10:38 | goodboyboy10 · first_building Barracks |
| 11:09 | goodboyboy10 · age_up feudal |
| 11:13 | Yuhuyo · age_up feudal |
| 11:24 | Erina · age_up feudal |
| 11:53 | Tsla · age_up feudal |
| 13:22 | goodboyboy10 · first_building Stable |
| 14:22 | Yuhuyo · first_market_sell 100 stone |
| 14:23 | Yuhuyo · first_market_buy 100 food |
| 16:17 | Tsla · age_up castle |
| 16:38 | Tsla · first_market_sell 100 food |
| 16:39 | Tsla · first_market_buy 100 wood |
| 16:41 | Erina · age_up castle |
| 16:51 | Yuhuyo · wall_segment Stone Wall x28 |
| 17:10 | goodboyboy10 · age_up castle |
| 17:24 | Yuhuyo · age_up castle |
| 17:25 | goodboyboy10 · first_building Monastery |
| 18:22 | Erina · first_building Barracks |
| 20:32 | Erina · first_building Monastery |
| 23:29 | Erina · first_building Castle |
| 23:40 | goodboyboy10 · first_building Siege Workshop |
| 25:11 | Tsla · first_building Monastery |
| 25:26 | Yuhuyo · first_building Barracks |
| 26:03 | Erina · first_market_sell 100 wood |
| 26:31 | Erina · first_building Stable |
| 26:43 | Yuhuyo · first_building Siege Workshop |
| 27:24 | Tsla · first_building Castle |
| 28:30 | Tsla · first_building Barracks |
| 29:10 | Tsla · age_up imperial |
| 29:17 | Tsla · first_building Siege Workshop |
| 29:33 | Erina · wall_segment Stone Wall x18 |
| 30:10 | Erina · first_building Siege Workshop |
| 30:25 | Tsla · first_building Stable |
| 32:19 | goodboyboy10 · first_building Castle |
| 32:21 | Erina · age_up imperial |
| 33:31 | Yuhuyo · age_up imperial |
| 37:07 | Yuhuyo · first_building Archery Range |
| 38:49 | goodboyboy10 · first_building Archery Range |
| 40:41 | goodboyboy10 · age_up imperial |
| 42:54 | goodboyboy10 · wall_segment Stone Wall x15 |
| 45:12 | Erina · first_building Archery Range |
| 51:45 | Erina · wall_segment Stone Wall x1 |
| 54:22 | goodboyboy10 · first_market_sell 500 wood |
| 56:30 | goodboyboy10 · wall_segment Stone Wall x25 |
| 61:35 | Yuhuyo · first_building Castle |
| 64:16 | Tsla · tribute_sent a jugador 1 |
| 64:16 | Tsla · tribute_sent a jugador 3 |
| 64:16 | Tsla · tribute_sent a jugador 4 |
| 64:40 | Erina · resign |
[ AI ANALYSIS · 1 CREDIT ]
What really happened in this match?
Wolo.gg analyzes every decision: build order, eco, micro, common mistakes by bracket. Personalized analysis on WhatsApp or Discord in 30 seconds.
Civ guide
Teutons
Map guide
Arena
Perfil
Tsla